Map: Lightshade LE

Players

Reynor

  • Race: Zerg Zerg
  • League: Master
  • Spawn Location: 5:00

LiquidMaNa (MaNa) - Winner!

  • Race: Protoss Protoss
  • League: Grandmaster
  • Spawn Location: 11:00

Event: DreamHack SC2 Masters 2020 Winter

VOD

Have the link to the VOD?

Description

Time

  • Played on: Oct. 28, 2020, 2:48 p.m.
  • Length: 10:39

All games in this series

Show
View Real Time Build Order
Export as new Build Order

Reynor Zerg 

Build Orders: Pool First 

Get SALT Encoding   

  12  0:00  Drone  
  13  0:12  Overlord  
  13  0:16  Drone  
  14  0:30  Drone x2  
  16  0:40  Spawning Pool  
  15  0:44  Drone  
  16  1:00  Drone  
  17  1:09  Hatchery  
  16  1:26  Queen  
  16  1:27  Zergling x4  
  16  1:29  Zergling x2  
  21  1:38  Overlord  
  21  1:43  Extractor  
  20  1:49  Drone  
  21  1:59  Drone  
  22  2:02  Queen  
  24  2:10  Drone  
  27  2:22  Drone x2  
  27  2:31  Drone  
  27  2:33  Drone  
  29  2:38  Queen  
  29  2:39  Overlord  
  29  2:40  Drone x2  
  29  2:42  Drone  
  34  2:50  Drone  
  34  2:51  Metabolic Boost  
  33  2:53  Drone  
  34  2:59  Drone  
  34  3:05  Drone  
  36  3:12  Zergling x2  
  37  3:16  Zergling x2  
  38  3:20  Queen  
  38  3:23  Drone x2  
  38  3:24  Zergling x2  
  43  3:27  Overlord  
  43  3:35  Drone  
  43  3:37  Overlord  
  44  3:44  Hatchery  
  44  3:46  Drone x4  
  47  3:51  Evolution Chamber  
  46  3:56  Drone  
  46  3:57  Drone x3  
  46  4:00  Zergling x2  
  51  4:03  Spore Crawler  
  51  4:06  Queen  
  52  4:10  Overlord  
  52  4:12  Drone  
  53  4:18  Zerg Melee Weapons Level 1  
  53  4:19  Zergling x4  
  55  4:26  Zergling x4  
  55  4:27  Drone  
  55  4:29  Drone  
  55  4:30  Drone  
  55  4:31  Drone x2  
  62  4:41  Drone x2  
  64  4:52  Overlord  
  64  4:56  Drone x2  
  65  5:05  Overlord  
  65  5:06  Spore Crawler  
  64  5:08  Queen  
  64  5:11  Drone x6  
  64  5:12  Drone  
  64  5:13  Zergling x2  
  72  5:16  Zergling x2  
  72  5:18  Drone  
  72  5:20  Baneling Nest  
  73  5:21  Overlord  
  73  5:23  Spore Crawler  
  73  5:26  Drone  
  73  5:33  Extractor, Zergling x2  
  73  5:34  Overlord  
  73  5:36  Zergling x2  
  73  5:40  Overlord  
  74  5:43  Extractor  
  74  5:44  Drone x4  
  74  5:46  Queen  
  74  5:47  Zergling x2  
  74  5:48  Zergling x4  
  74  5:49  Lair  
  82  5:53  Overlord  
  82  5:54  Drone  
  83  5:57  Extractor  
  83  5:59  Zergling x2  
  82  6:05  Drone x3  
  82  6:08  Drone  
  82  6:09  Drone  
  86  6:13  Drone x2  
  86  6:14  Drone  
  89  6:21  Overlord  
  89  6:23  Zergling x4  
  89  6:25  Zergling x4  
  93  6:29  Zergling x6  
  93  6:30  Zergling x2  
  93  6:31  Hatchery  
  93  6:32  Overlord  
  95  6:40  Overlord  
  95  6:43  Drone x3  
  95  6:44  Drone  
  98  6:50  Overlord x2  
  98  6:53  Zerg Melee Weapons Level 2, Centrifical Hooks  
  98  6:59  Zergling x14  
  105  7:03  Drone x2  
  105  7:05  Hatchery  
  105  7:07  Zergling x2  
  106  7:11  Baneling x2  
  106  7:12  Baneling x12  
  106  7:13  Zergling x6  
  109  7:16  Drone x2  
  109  7:21  Drone x2  
  112  7:25  Queen  
  112  7:27  Overseer  
  112  7:28  Zergling x6  
  113  7:30  Zergling x2  
  110  7:41  Zergling x16  
  110  7:42  Queen  
  110  7:44  Zergling x2  
  111  7:49  Zergling x4  
  111  7:50  Zergling x2  
  107  7:55  Queen  
  106  8:01  Zergling x14  
  106  8:04  Overlord  
  111  8:08  Zergling x6  
  107  8:14  Zergling x6  
  107  8:16  Drone  
  111  8:22  Drone x3  
  111  8:24  Zergling x2  
  111  8:26  Zergling x6  
  118  8:31  Zergling x6  
  121  8:36  Zergling x2  
  121  8:39  Drone  
  119  8:43  Zergling x4  
  119  8:45  Zergling x2  
  119  8:46  Queen x2  
  126  8:50  Zergling x2  
  126  8:55  Zergling x8  
  120  8:56  Zergling x2  
  120  9:00  Zergling x4  
  120  9:02  Zergling x2  
  107  9:03  Zergling x2  
  107  9:05  Queen x2  
  107  9:09  Baneling x7  
  104  9:14  Zergling x8  
  98  9:19  Zergling x2  
  79  9:25  Zergling x6  
  79  9:26  Queen  
  79  9:27  Queen  
  83  9:32  Drone  
  83  9:34  Zergling x2  
  83  9:36  Zergling x4  
  83  9:37  Baneling x9  
  87  9:40  Queen, Zergling x2  
  87  9:42  Queen  
  87  9:43  Zergling x8  
  94  9:50  Zergling x4  
  94  9:52  Zergling x2  
  86  9:59  Zergling x10  
  80  10:01  Zergling x2  
  80  10:02  Queen x2  
  80  10:04  Zergling x2  
  76  10:07  Zergling x4  
  76  10:14  Zergling x2  
  78  10:15  Baneling x5, Zergling x2  
  78  10:16  Zergling x2  
Show
View Real Time Build Order
Export as new Build Order

LiquidMaNa Protoss - Winner!

Build Orders: Oracle Opening, Zealot Archon 

Get SALT Encoding   

  12  0:00  Probe  
  13  0:12  Probe  
  14  0:20  Pylon  
  14  0:24  Probe  
  15  0:38  Probe (Chrono Boost)  
  16  0:45  Gateway  
  16  0:46  Probe (Chrono Boost)  
  17  0:52  Probe  
  17  0:54  Assimilator  
  18  1:04  Probe  
  19  1:16  Probe  
  20  1:28  Probe  
  20  1:31  Cybernetics Core  
  21  1:36  Pylon  
  21  1:46  Nexus  
  21  1:49  Probe  
  22  1:55  Assimilator  
  23  2:05  Adept (Chrono Boost)  
  24  2:10  Gateway  
  24  2:16  Pylon  
  24  2:22  Probe  
  27  2:34  Probe  
  28  2:43  Stargate  
  28  2:46  Warp Gate, Probe  
  28  2:48  Adept (Chrono Boost)  
  29  2:58  Pylon  
  29  2:59  Probe (Chrono Boost)  
  29  3:05  Probe (Chrono Boost)  
  31  3:09  Probe (Chrono Boost)  
  33  3:13  Pylon, Probe (Chrono Boost)  
  33  3:14  Probe (Chrono Boost)  
  33  3:19  Adept  
  36  3:23  Probe  
  36  3:24  Oracle (Chrono Boost)  
  36  3:26  Probe  
  41  3:35  Probe  
  41  3:38  Probe  
  41  3:39  Gateway  
  42  3:48  Probe  
  43  3:50  Pylon, Probe  
  44  3:59  Void Ray (Chrono Boost)  
  44  4:00  Probe  
  44  4:02  Probe  
  50  4:12  Pylon, Probe  
  50  4:14  Probe  
  52  4:21  Nexus  
  52  4:30  Probe x2  
  54  4:34  Assimilator  
  54  4:35  Assimilator  
  54  4:37  Adept  
  54  4:38  Adept  
  58  4:42  Probe x2  
  60  4:47  Robotics Facility  
  60  4:49  Shield Battery  
  60  4:54  Probe  
  60  4:59  Probe  
  62  5:03  Pylon  
  62  5:05  Pylon  
  62  5:14  Probe x2  
  62  5:23  Twilight Council  
  62  5:26  Forge, Adept, Probe x2  
  62  5:27  Adept  
  68  5:34  Probe (Chrono Boost)  
  69  5:36  Observer  
  69  5:39  Probe x2 (Chrono Boost)  
  72  5:46  Protoss Ground Weapons Level 1 (Chrono Boost), Probe (Chrono Boost)  
  72  5:49  Gateway  
  75  5:51  Probe x2 (Chrono Boost)  
  75  5:55  Charge (Chrono Boost), Probe (Chrono Boost)  
  75  5:56  Probe x2 (Chrono Boost)  
  76  6:01  Probe  
  76  6:04  Templar Archives  
  79  6:05  Probe x2  
  79  6:12  Warp Prism (Chrono Boost)  
  79  6:13  Probe  
  79  6:15  Shield Battery  
  79  6:17  Probe  
  79  6:19  Shield Battery  
  79  6:20  Probe  
  79  6:25  Probe  
  81  6:30  Gateway, Pylon  
  81  6:32  Gateway x2  
  81  6:35  Sentry  
  81  6:37  Zealot  
  85  6:45  Probe x2  
  87  6:48  Assimilator  
  87  6:49  Assimilator  
  87  6:59  Gateway x2, Zealot  
  87  7:00  High Templar x2, Gateway  
  93  7:03  Gateway  
  93  7:05  Archon, Immortal (Chrono Boost)  
  97  7:14  Pylon  
  95  7:18  Pylon x2  
  95  7:26  Probe x2  
  95  7:31  Zealot  
  95  7:32  Zealot x2  
  95  7:33  Zealot  
  95  7:34  Zealot  
  105  7:41  Zealot  
  99  7:45  Nexus  
  93  7:55  High Templar x4  
  93  7:56  Zealot x2  
  93  8:02  Archon x2  
  87  8:15  High Templar x3  
  87  8:16  High Templar, Zealot  
  87  8:19  Pylon  
  93  8:20  Archon x2  
  93  8:21  Pylon  
  93  8:37  Zealot  
  93  8:38  Zealot x2  
  93  8:40  Zealot x3  
  102  8:53  Pylon x2  
  102  8:54  Pylon  
  100  9:02  Zealot x8  
  110  9:08  Nexus  
  100  9:12  Zealot x2  
  86  9:27  High Templar x6  
  86  9:28  Zealot x2  
  96  9:31  Archon x2  
  96  9:32  Archon, Zealot  
  96  9:33  Zealot  
  100  9:43  Probe x2  
  94  9:53  Zealot x3  
  94  9:59  Zealot x5  
  100  10:13  High Templar x2, Zealot x2  
  105  10:17  Archon  
  105  10:24  Probe x2  
Tags
 
Add a new tag
Caveats
  • Supply blocks, unpowered buildings, or Contaminate may cause inaccurate times.
  • Supply counts are checked every 10 seconds.